 Dungeon Crawl Stone Soup version 0.30.0-29-ga12c61a403 (webtiles) character file.

Game seed: 6869485766177004910

119 qw the Chopper (level 5, -2/32 HPs)
             Began as a Gargoyle Fighter on June 3, 2023.
             Slain by a gnoll
             ... wielding a +0 spear
              (6 damage)
             ... on level 4 of the Dungeon.
             The game lasted 00:00:56 (2426 turns).

qw the Chopper (Gargoyle Fighter)                   Turns: 2426, Time: 00:00:57

Health: -2/32      AC: 14    Str: 22    XL:     5   Next: 3%
Magic:  5/5        EV:  8    Int:  8    God:
Gold:   127        SH:  4    Dex:  9    Spells: 4/4 levels left

rFire   . . .        Y - +1 war axe
rCold   . . .        c - +0 buckler
rNeg    + . .        e - +0 chain mail
rPois   inf          (no helmet)
rElec   +            (no cloak)
rCorr   .            (no gloves)
SInv    .            k - +0 pair of boots
Will    +....        (no amulet) Stlth
                     l - ring of willpower
HPRegen 0.25/turn    (no ring)
MPRegen 0.09/turn

%: no passive effects
@: no status effects
A: sickness immunity, AC +4, negative energy resistance 1, electricity
resistance, torment resistance 1, petrification resistance
a: no special abilities


You were on level 4 of the Dungeon.
You visited 1 branch of the dungeon, and saw 4 of its levels.

You collected 127 gold pieces.


Innate Abilities, Weirdness & Mutations

You are immune to sickness and miasma.
Your stone body is resilient. (AC +4)
You are immune to poison.
You resist negative energy. (rN+)
You are resistant to electric shocks. (rElec)
You are resistant to unholy torment.
You are immune to petrification.


   Skills:
 - Level 3.2 Fighting
 + Level 4.6 Axes
 - Level 3.2 Armour
 - Level 3.2 Shields


You had 4 spell levels left.
You didn't know any spells.
Your spell library was empty.

Inventory:

Hand Weapons
 j - a +0 whip
 Y - a +1 war axe (weapon)
Armour
 c - a +0 buckler (worn)
 e - a +0 chain mail (worn)
 k - a +0 pair of boots (worn)
Jewellery
 l - a ring of willpower (left hand)
Wands
 a - a wand of digging (8)
Scrolls
 n - a scroll of identify
Potions
 b - a potion of brilliance {unknown}
 d - a potion of might
 f - a potion of haste {unknown}
 g - a potion of curing {unknown}
 h - a potion of flight {unknown}
 m - a potion of heal wounds {unknown}

Dungeon Overview and Level Annotations

Branches:
Dungeon (4/15)
 Temple: D:4-7

Altars:
Kikubaaqudgha
Trog

Shops:
D:3 [


Message History

A gnoll comes into view. It is wielding a +0 spear.
The gnoll shouts!
You hear a shout!
The gnoll moves out of view.
Found a hand axe.
The gnoll hits the plant with a +0 spear.
The plant begins to die.
A gnoll comes into view. It is wielding a +0 halberd.
2415 ||| Stepping ~*~*~tactically~*~*~ (hiding).
You start waiting.
There are monsters nearby!
A gnoll comes into view. It is wielding a +0 whip.
The gnoll shouts!
The gnoll hits you but does no damage. The gnoll barely misses you.
You closely miss the gnoll.
The gnoll hits you from afar with a +0 halberd.
The gnoll closely misses you. x2
You barely miss the gnoll.
The gnoll hits you from afar with a +0 halberd!
The gnoll hits you but does no damage.
You hit the gnoll.
The gnoll is lightly wounded.
You barely miss the gnoll. The gnoll closely misses you.
The gnoll hits you with a +0 whip. The gnoll hits you but does no damage.
You closely miss the gnoll.
The gnoll is lightly wounded.
You slash the gnoll! The gnoll hits you with a +0 whip.
The gnoll hits you with a +0 spear.
The gnoll hits you but does no damage. x2
The gnoll hits you from afar with a +0 halberd!
The gnoll hits you but does no damage.
You closely miss the gnoll.
The gnoll is heavily wounded.
You slash the gnoll!
The gnoll hits you but does no damage. x2; The gnoll barely misses you.
You closely miss the gnoll.
The gnoll is severely wounded.
You closely miss the gnoll. The gnoll hits you with a +0 whip.
The gnoll hits you with a +0 spear.
You die... #.# .... #.#### .# .... #.#.. ... .P... #.#.# #.# .PPP.

##.#.#####.# ......
#..........#
.##..g#######.[..##.##..
......[g...##.##........
......g@......##.##.....
.).........#####.#####..
###...###### #?#####..
#>.. ......>.# #..
######### #.. #. ##


You could see 3 gnolls.

Vanquished Creatures
  A hound (D:4)
  An iguana (D:3)
  3 adders (D:2)
  3 dart slugs
  5 bats
  An endoplasm (D:2)
  3 giant cockroaches
  2 goblins (D:2)
  2 hobgoblins (D:3)
  2 kobolds
  2 ball pythons
  2 frilled lizards (D:2)
  5 rats
32 creatures vanquished.

Notes
Turn   | Place    | Note
-------+----------+-------------------------------------------
     0 | D:1      | qw the Gargoyle Fighter began the quest for the Orb.
     0 | D:1      | Reached XP level 1. HP: 14/14 MP: 1/1
     0 | D:1      | 0 ||| qw: Version: 0.2-a-103-g5a998e5
     0 | D:1      | 0 ||| qw: Game counter: 977
     0 | D:1      | 0 ||| qw: Always use a shield: true
     0 | D:1      | 0 ||| qw: God list: Okawaru
     0 | D:1      | 0 ||| qw: Allow faded altars: false
     0 | D:1      | 0 ||| qw: Do Orc after D:15 true
     0 | D:1      | 0 ||| qw: Do second Lair branch before Depths: true
     0 | D:1      | 0 ||| qw: Lair rune preference: random
     0 | D:1      | 0 ||| qw: Plans: Normal, Zot:1-4, Slime:5, God:TSO, Crypt,
                  | Tomb, Pan, Hells, Abyss, Win
     0 | D:1      | 0 ||| PLANNING D:1-11
   175 | D:1      | Reached skill level 2 in Axes
   243 | D:1      | Found a faded altar of an unknown god.
   659 | D:1      | Reached XP level 2. HP: 19/19 MP: 2/2
   769 | D:1      | 769 ||| UPGRADING to +0 chain mail.
   779 | D:1      | 779 ||| DROPPING +0 scale mail.
   780 | D:1      | 780 ||| READING 3 scrolls labelled OHUEFO DEPYGEH.
   781 | D:1      | 781 ||| READING scroll labelled ZETZUSENIECO.
   782 | D:1      | 782 ||| DRINKING 2 viscous purple potions.
   783 | D:1      | 783 ||| DROPPING 2 scrolls of amnesia.
   784 | D:1      | 784 ||| DROPPING potion of degeneration.
  1092 | D:2      | 1092 ||| Stepping ~*~*~tactically~*~*~ (stealth).
  1101 | D:2      | 1101 ||| Stepping ~*~*~tactically~*~*~ (hiding).
  1103 | D:2      | 1103 ||| Stepping ~*~*~tactically~*~*~ (hiding).
  1104 | D:2      | 1104 ||| Stepping ~*~*~tactically~*~*~ (hiding).
  1105 | D:2      | 1105 ||| Stepping ~*~*~tactically~*~*~ (hiding).
  1115 | D:2      | Reached skill level 3 in Axes
  1115 | D:2      | Reached XP level 3. HP: 22/23 MP: 3/3
  1151 | D:2      | 1151 ||| DROPPING +0 club.
  1174 | D:2      | 1174 ||| Stepping ~*~*~tactically~*~*~ (hiding).
  1582 | D:2      | 1582 ||| DROPPING orb of energy.
  1583 | D:2      | 1583 ||| UPGRADING to +0 pair of boots.
  1588 | D:2      | 1588 ||| READING 2 scrolls labelled QUROAZ PUDU.
  1589 | D:2      | 1589 ||| DROPPING scroll of vulnerability.
  1726 | D:3      | Reached XP level 4. HP: 28/28 MP: 4/4
  1726 | D:3      | Found Lyamn's Antique Armour Emporium.
  1745 | D:3      | 1745 ||| SHOPLISTING helmet (130 gold, have 118).
  1745 | D:3      | 1745 ||| SHOPLISTING plate armour (667 gold, have 118).
  2023 | D:3      | Found an ancient bone altar of Kikubaaqudgha.
  2254 | D:3      | Found a bloodstained altar of Trog.
  2305 | D:3      | 2305 ||| UPGRADING to ring of willpower.
  2306 | D:3      | 2306 ||| READING scroll labelled PEICAH QUS.
  2309 | D:3      | 2309 ||| READING scroll labelled KAVE NYCLI.
  2310 | D:3      | 2310 ||| READING 2 scrolls labelled DIXEWO KUIHIGG.
  2369 | D:4      | Reached skill level 4 in Axes
  2375 | D:4      | 2375 ||| STAIRDANCE
  2378 | D:3      | Reached XP level 5. HP: 29/32 MP: 5/5
  2415 | D:4      | 2415 ||| Stepping ~*~*~tactically~*~*~ (hiding).
  2424 | D:4      | HP: 5/32 [gnoll/+0 halberd (7)]
  2426 | D:4      | Slain by a gnoll

Levels and vault maps discovered:
D:1:      eino_arrival_druids_welcome, layout_loops_corners,
          dreamdust_ecumenical_altar_statues
D:2:      layout_basic
D:3:      layout_basic, mainiacjoe_overflow_brackets, lightli_temple_of_fire,
          serial_shops, shop
D:4:      layout_loops_cross, minmay_temple_entry_glassed_door,
          nicolae_grassy_gnolls, uniq_ijyb

Skill      XL: |  1  2  3  4 |
---------------+-------------+-----
Axes           | 2 3 4 |  4.6
Fighting       | |  3.2
Armour         | |  3.2
Shields        | |  3.2

Action                     |  1- 3 |  4- 6 || total
---------------------------+-------+-------++-------
  Melee: War axe           |    84 |    22 ||   106
    Use: Scroll            |     3 |     3 ||     6
         Potion            |     1 |       ||     1
 Armour: Scale mail        |    10 |       ||    10
         Chain mail        |    52 |    15 ||    67
  Dodge: Dodged            |    36 |    10 ||    46
  Block: Buckler           |    18 |     3 ||    21

Table legend:
 A = Non-vault XP
 B = Vault XP
 C = Vault XP percentage of total XP
 D = Non-vault monster count
 E = Vault monster count
 F = Vault count percentage of total count
                 A         B        C        D         E       F
            +---------+---------+-------+---------+---------+-------
      Total |     171 |       0 |   0.0 |      32 |       0 |   0.0
            +---------+---------+-------+---------+---------+-------
        D:1 |      10 |       0 |   0.0 |       5 |       0 |   0.0
        D:2 |      67 |       0 |   0.0 |      18 |       0 |   0.0
        D:3 |      49 |       0 |   0.0 |       8 |       0 |   0.0
        D:4 |      45 |       0 |   0.0 |       1 |       0 |   0.0
            +---------+---------+-------+---------+---------+-------
